 Dungeon Crawl Stone Soup version 0.30-a0-777-ga9a30cbeda (webtiles) character file.

Game seed: 6191481123679158961

32 Newt the Trooper (level 3, -1/29 HPs)
             Began as a Demonspawn Gladiator on Feb 14, 2023.
             Slain by Sigmund
             ... wielding a +3 scythe
              (4 damage)
             ... on level 3 of the Dungeon.
             The game lasted 00:01:21 (1493 turns).

Newt the Trooper (Demonspawn Gladiator)             Turns: 1493, Time: 00:01:21

Health: -1/29      AC: 10    Str: 16    XL:     3   Next: 10%
Magic:  3/3        EV:  9    Int:  9    God:
Gold:   113        SH:  0    Dex: 14    Spells: 2/2 levels left

rFire   + + .      SeeInvis .    a - +0 rapier
rCold   x . .      Faith    .    (no shield)
rNeg    . . .      Spirit   .    f - +0 fire dragon scales
rPois   .          Reflect  .    c - +0 helmet
rElec   .          Harm     .    (no cloak)
rCorr   +          Rampage  .    l - +0 pair of gloves
Will    .....                    (no boots) Stlth
                                 (no amulet)
HPRegen 0.24/turn                g - ring of resist corrosion
MPRegen 0.08/turn                (no ring)

@: no status effects
A: weakness stinger 2
a: no special abilities


You were on level 3 of the Dungeon.
You visited 1 branch of the dungeon, and saw 3 of its levels.

You collected 113 gold pieces.

Inventory:

Hand Weapons
 a - a +0 rapier (weapon)
Missiles
 d - 3 throwing nets (quivered)
 e - 5 javelins
Armour
 b - a +0 leather armour
 c - a +0 helmet (worn)
 f - +0 fire dragon scales (worn)
 l - a +0 pair of gloves (worn)
 m - a +1 chain mail of positive energy
Jewellery
 g - a ring of resist corrosion (left hand)
Scrolls
 h - a scroll of identify
 k - a scroll of blinking
 n - a scroll of noise
Potions
 i - 2 potions of brilliance
 o - a potion of ambrosia {unknown}


   Skills:
 + Level 3.6 Fighting
 - Level 2.6 Short Blades
 - Level 1.7 Throwing
 - Level 2.6 Dodging


You had 2 spell levels left.
You didn't know any spells.
Your spell library contained the following spells:

 Spells                   Type           Power      Damage    Failure   Level
 Magic Dart               Conj           0%         1d3       91%         1
 Searing Ray              Conj           0%         2d4       97%         2
 Gell's Gravitas          Tloc           0%         N/A       99%         3
 Teleport Other           Tloc           0%         N/A       99%         3
 Fulminant Prism          Conj/Hex       0%         3d5       100%        4
 Dispersal                Tloc           0%         N/A       100%        6


Dungeon Overview and Level Annotations

Branches:
Dungeon (3/15)

Altars:

Annotations:
D:3 Sigmund


Innate Abilities, Weirdness & Mutations

You have a tail ending in a sharp stinger.


Message History

Aim: Sigmund, wielding a +3 scythe, wearing a +2 robe of willpower and carrying a wand of quicksilver (11) (lightly wounded, poisoned, 55% to hit)
You throw a poisoned dart. The poisoned dart hits Sigmund.
Sigmund looks even sicker.
Sigmund is lightly wounded.
Throw: 3 darts (poison)
Press: ? - help, Q - select action, (/) - cycle Shift-Dir - straight line, f/p - Sigmund
Aim: Sigmund, wielding a +3 scythe, wearing a +2 robe of willpower and carrying a wand of quicksilver (11) (lightly wounded, very poisoned, 55% to hit)
You throw a poisoned dart.
The poisoned dart barely misses Sigmund.
Sigmund zaps a wand.
The bolt of dispelling energy hits you.
Throw: 2 darts (poison)
Press: ? - help, Q - select action, (/) - cycle Shift-Dir - straight line, f/p - Sigmund
Aim: Sigmund, wielding a +3 scythe, wearing a +2 robe of willpower and carrying a wand of quicksilver (10) (lightly wounded, very poisoned, 55% to hit)
You throw a poisoned dart. The poisoned dart hits Sigmund.
Sigmund looks even sicker.
Sigmund is lightly wounded.
Sigmund gestures at you while chanting. The magic dart hits you.
Throw: dart (poison)
Press: ? - help, Q - select action, (/) - cycle Shift-Dir - straight line, f/p - Sigmund
Aim: Sigmund, wielding a +3 scythe, wearing a +2 robe of willpower and carrying a wand of quicksilver (10) (lightly wounded, very poisoned, 55% to hit)
You throw a poisoned dart. The poisoned dart hits Sigmund.
Sigmund looks as sick as possible!
Sigmund is lightly wounded.
Sigmund casts a spell.
Sigmund flickers and vanishes!
Deactivating autopickup; reactivate with Ctrl-A.
Something hits you.
You miss something. Something hits you.
You barely miss something. You barely miss something.
You hear some strange, mumbled words.
A puff of flame appears from out of thin air!
The puff of flame hits you but does no damage.
Something hits you.
You barely miss something. You closely miss something. Something hits you!
* * * LOW HITPOINT WARNING * * *
You hit something.
Your tail-slap misses something.
Something hits you.
You die...

...)..#.#
#.....#
..#.#.#.#
#..####
###.#.#.# #..#
..#....
#..########
### #.
#.......... ..
#..######## ..
#..........
####.#########
#....@#
#...#{#
#.###(# #. #(#
. #.. . ... ..
####


There were no monsters in sight!

Vanquished Creatures
  An adder (D:3)
  A dart slug (D:1)
  3 ball pythons
  2 endoplasms (D:2)
  3 giant cockroaches
  4 goblins
  A hobgoblin (D:3)
  2 bats (D:2)
  A frilled lizard (D:1)
  A rat (D:1)
19 creatures vanquished.

Notes
Turn   | Place    | Note
-------+----------+-------------------------------------------
     0 | D:1      | Newt the Demonspawn Gladiator began the quest for the Orb.
     0 | D:1      | Reached XP level 1. HP: 16/16 MP: 1/1
   386 | D:1      | Gained mutation: You have a small tail. [demonic ancestry]
   386 | D:1      | Reached XP level 2. HP: 23/23 MP: 2/2
   634 | D:2      | Reached skill level 3 in Fighting
  1413 | D:3      | Gained mutation: You have a tail ending in a sharp stinger.
                  | [demonic ancestry]
  1413 | D:3      | Reached XP level 3. HP: 27/29 MP: 3/3
  1479 | D:3      | Noticed Sigmund
  1493 | D:3      | Slain by Sigmund

Illustrated notes

Levels and vault maps discovered:
D:1:      onia_arrival_mini_spirals, layout_basic, minivault_24
D:2:      layout_basic
D:3:      layout_basic, minmay_three_crescents, uniq_sigmund

Skill      XL: |  1  2 |
---------------+-------+-----
Fighting       | 3 |  3.6
Short Blades   | |  2.6
Throwing       | |  1.7
Dodging        | |  2.6

Action                     || total
---------------------------++-------
  Melee: Rapier            ||    75
         Tailslap          ||     3
  Throw: Dart              ||     6
    Use: Scroll            ||     3
 Armour: Fire dragon scale ||    43
         Leather armour    ||     1
  Dodge: Dodged            ||    37

Table legend: (Time is in decaauts)
 A = Elapsed time spent in this place.
 B = Non-inter-level travel time spent in this place.
 C = Inter-level travel time spent in this place.
 D = Time resting spent in this place.
 E = Time spent auto-exploring this place.
 F = Levels seen in this place.
 G = Mean time per level.
                   A        B        C        D        E       F      G
               +--------+--------+--------+--------+--------+-----+--------+
         Total |   1496 |   1405 |     91 |      0 |   1195 |   3 |  498.7 |
       Dungeon |   1496 |   1405 |     91 |      0 |   1195 |   3 |  498.7 |
               +--------+--------+--------+--------+--------+-----+--------+

Top non-repeatable levels by time:
     D:2: 677 daAuts
     D:1: 627 daAuts
     D:3: 192 daAuts
